 Dungeon Crawl Stone Soup version 0.26.1-11-gd32895ea62 (webtiles) character file.

Game seed: 6874981173689575992

280 H0rd4k the Insei (level 6, -2/38 HPs)
             Began as an Octopode Transmuter on Apr 30, 2021.
             Slain by a gnoll
             ... wielding a +2 spear of venom
              (12 damage)
             ... on level 4 of the Dungeon.
             The game lasted 00:05:13 (4084 turns).

H0rd4k the Insei (Octopode Transmuter)              Turns: 4084, Time: 00:05:14

Health: -2/38      AC:  1    Str: 10    XL:     6   Next: 27%
Magic:  19/19      EV: 14    Int: 17    God:
Gold:   188        SH:  5    Dex: 12    Spells: 6/10 levels left

rFire    . . .     SeeInvis .     - Unarmed
rCold    . . .     Faith    .   (no shield)
rNeg     . . .     Spirit   .   (helmet currently unavailable)
rPois    .         Reflect  +   i - amulet of reflection
rElec    .         Harm     .   j - ring of magical power
rCorr    .         Rampage  .   (no ring)
Will     .....                  (no ring)
Stlth    +++.......             (no ring)
HPRegen  0.12/turn              (no ring)
MPRegen  0.16/turn              (no ring)
                                (no ring)
                                (no ring)

@: appendages (expiring)
A: almost no armour, stealthy swim, amphibious, 8 rings, constrict 8, tentacle
spike 3, camouflage 1, gelatinous body 1
a: End Transformation


You were on level 4 of the Dungeon.
One of your tentacles had a temporary spike.
You visited 1 branch of the dungeon, and saw 4 of its levels.

You collected 188 gold pieces.

Inventory:

Missiles
 b - 11 poisoned darts
Magical Staves
 t - an uncursed staff of poison
Jewellery
 i - an amulet of reflection (around mantle)
 j - a ring of magical power (left tentacle)
Wands
 o - a wand of random effects (8)
Scrolls
 a - a scroll of immolation {unknown}
 c - 4 scrolls of teleportation {unknown}
 f - 4 scrolls of identify {unknown}
 h - a scroll of magic mapping {unknown}
 k - a scroll of fear {unknown}
 l - 8 scrolls of remove curse {unknown}
 m - 3 scrolls of enchant armour {unknown}
Potions
 d - 2 potions of curing
 e - a potion of haste {unknown}
 g - a potion of invisibility {unknown}
 n - a potion of mutation {unknown}
 p - a potion of degeneration {unknown}
 q - 3 potions of heal wounds {unknown}
 r - 2 potions of cancellation {unknown}
 s - a potion of resistance {unknown}
 u - a potion of attraction {unknown}


   Skills:
 + Level 1.4 Fighting
 + Level 2.6 Dodging
 + Level 3.8 Stealth
 + Level 1.0 Shields
 + Level 4.4 Unarmed Combat
 * Level 2.6 Spellcasting
 * Level 2.5 Transmutations
 * Level 2.0 Poison Magic


You had 6 spell levels left.
You knew the following spells:

 Your Spells              Type           Power        Failure   Level
a - Beastly Appendage     Tmut           20%          6%          1
b - Spider Form           Tmut/Pois      5%           22%         3

Your spell library contained the following spells:

 Spells                   Type           Power        Failure   Level
 Wereblood                Tmut           10%          10%         2
 Ice Form                 Ice/Tmut       6%           71%         4
 Blade Hands              Tmut           5%           87%         5


Dungeon Overview and Level Annotations

Branches:
Dungeon (4/15)
 Temple: D:4-7

Altars:

Annotations:
D:4 2 runed translucent doors, grovkorv's ghost, novice DrBr


Innate Abilities, Weirdness & Mutations

You cannot wear most types of armour.
You are very stealthy in the water. (Stealth+)
You are amphibious.
You can wear up to eight rings at the same time.
You can use your tentacles to constrict eight enemies at once.
Your skin changes colour to match your surroundings (Stealth+).
Your rubbery body absorbs attacks. (AC +1, EV +1)
One of your tentacles bears a large vicious spike.


Message History

The gnoll is lightly wounded.
You feel sick. The gnoll completely misses you.
You tentacle-slap the gnoll but do no damage.
Your grab misses the gnoll.
The gnoll is lightly wounded.
Your transformation is almost over.
You feel sick. The gnoll completely misses you.
You tentacle-slap the gnoll. You grab the gnoll.
You pierce the gnoll.
The gnoll is heavily wounded.
You constrict the gnoll, but do no damage.
You feel sick.
The gnoll hits you with a +2 spear of venom.
* * * LOW HITPOINT WARNING * * *
You tentacle-slap the gnoll but do no damage.
The gnoll is heavily wounded.
You constrict the gnoll. You block the gnoll's attack.
You feel better.
You constrict the gnoll. The gnoll closely misses you.
You release your grip on the gnoll.
The gnoll hits you from afar with a +2 spear of venom!
You die...

#..# #...........#...##### #..#
#...........#....# #..#
#...........#....# #..#
##...........##'####
#..######.....####.........#
#.......#.....#..#.........#
#....$..'.....g..#.........#
#..##..##.....#)##.........#####
#..##..#.....##@###'#####...#...
#g.##..#.....+..#...#...........
##..##..#.....#..#...'...........
....#####.....#..##..###########.
....#.......###..##.<#.........##
###'#.......'.....#..#.........#
............#.....#..#.........#
............#..#####..........[#
.....#'######..#################


You could see a gnoll.

Vanquished Creatures
  An orc wizard (D:4)
  2 worker ants
  A hound skeleton (D:4)
  Robin (D:2)
  3 gnolls (D:4)
  5 adders
  An ooze (D:3)
  2 worms (D:3)
  4 dart slugs
  6 leopard geckos
  3 orcs (D:4)
  3 giant cockroaches
  12 goblins
  11 hobgoblins
  4 jackals (D:3)
  6 kobolds
  A quokka (D:2)
  5 bats
  9 frilled lizards
  7 rats
87 creatures vanquished.

Notes
Turn   | Place    | Note
-------+----------+-------------------------------------------
     0 | D:1      | H0rd4k the Octopode Transmuter began the quest for the Orb.
     0 | D:1      | Reached XP level 1. HP: 13/13 MP: 3/3
   175 | D:1      | Reached XP level 2. HP: 6/18 MP: 3/5
   558 | D:1      | Reached skill level 1 in Stealth
   706 | D:1      | Reached XP level 3. HP: 23/23 MP: 6/6
  1260 | D:2      | Noticed Robin
  1269 | D:2      | Reached XP level 4. HP: 22/28 MP: 7/7
  1521 | D:2      | Killed Robin
  1544 | D:2      | Reached skill level 4 in Unarmed Combat
  1778 | D:1      | Learned a level 3 spell: Spider Form
  2192 | D:2      | Reached XP level 5. HP: 33/33 MP: 8/8
  2804 | D:3      | Reached skill level 1 in Poison Magic
  3325 | D:4      | Found a large runed translucent door.
  3325 | D:4      | Found a large runed translucent door.
  3327 | D:4      | Noticed grovkorv's ghost (novice DrBr)
  3444 | D:4      | Reached XP level 6. HP: 26/38 MP: 9/9
  4078 | D:4      | Reached skill level 1 in Shields
  4084 | D:4      | Slain by a gnoll

Illustrated notes

Levels and vault maps discovered:
D:1:      dpeg_arrival_leaves_temple_mockup, layout_basic
D:2:      layout_loops_ring, uniq_robin
D:3:      layout_loops_ring
D:4:      layout_gridville, ebering_ghost_disaster_area

Skill      XL: |  1  2  3  4  5  6 |
---------------+-------------------+-----
Stealth        | 1 3 |  3.8
Unarmed Combat | 4 |  4.4
Poison Magic   | 1 2 |  2.0
Shields        | 1 |  1.0
Fighting       | |  1.4
Dodging        | |  2.6
Spellcasting   | |  2.6
Transmutations | |  2.5

Action                   |  1- 3 |  4- 6 || total
-------------------------+-------+-------++-------
Melee: Unarmed           |    68 |   136 ||   204
       Constrict         |    19 |    39 ||    58
       Kick              |     4 |     9 ||    13
       Punch             |     3 |     4 ||     7
       Tentacles         |     3 |    29 ||    32
 Cast: Beastly Appendage |     5 |    11 ||    16
  Use: Potion            |     2 |     1 ||     3
 Stab: Sleeping          |     7 |    11 ||    18
Armor: Skin              |     7 |     8 ||    15
Dodge: Dodged            |    30 |    73 ||   103
Block: Other             |     3 |    26 ||    29
       Reflection        |     1 |       ||     1
